 Dungeon Crawl Stone Soup version 0.21-a0-480-g5da0f0d (webtiles) character file.

384183 Dorkslayer the Peltast (level 22, -1/144 HPs)
             Began as a Gargoyle Fighter on Nov 19, 2017.
             Was the Champion of the Shining One.
             Collided with a vault guard (6 damage)
             ... caused by Bai Suzhen
             ... on level 5 of the Vaults on Nov 22, 2017.
             The game lasted 04:04:24 (42661 turns).

Dorkslayer the Peltast (Gargoyle Fighter)          Turns: 42661, Time: 04:04:25

Health: -1/144     AC: 47    Str: 33    XL:     22   Next: 95%
Magic:  26/32      EV: 13    Int: 15    God:    the Shining One [******]
Gold:   3504       SH: 21    Dex: 16    Spells: 21/21 levels left

rFire    . . .     SeeInvis .   a - +5 war axe (flame)
rCold    . . .     Gourm    .   V - +2 shield {reflect}
rNeg     + + +     Faith    .   e - +2 plate armour {MR+}
rPois    ∞         Spirit   .   L - +2 hat
rElec    +         Reflect  +   x - +1 cloak {rC+}
rCorr    .         Harm     .   q - +1 pair of gloves {Str+3}
MR       ++...                  T - +0 pair of boots
Stlth    ..........             k - +2 amulet of reflection
HPRegen  0.34/turn              c - +3 ring of protection
MPRegen  0.23/turn              C - ring "Jorgh" {rElec rC- Str+5 Int+4 Dex+4}

@: flying, glowing
A: big wings, negative energy resistance 1, electricity resistance, unbreathing,
petrification resistance, rot immunity, AC +16
}: 2/15 runes: decaying, serpentine
a: Stop Flying, Divine Shield, Cleansing Flame, Summon Divine Warrior, Renounce
Religion


You were on level 5 of the Vaults.
You worshipped the Shining One.
The Shining One was exalted by your worship.
You were hungry.

You visited 6 branches of the dungeon, and saw 36 of its levels.
You visited the Abyss 1 time.
You also visited: Bailey and Ice Cave.

You collected 4792 gold pieces.
You spent 1288 gold pieces at shops.

Inventory:

Hand Weapons
 a - a +5 war axe of flaming (weapon)
 h - a +9 war axe of holy wrath
 B - the +4 flail of Gixtaabo {crush, rElec Str+2}
   (You found it on level 1 of the Lair of Beasts)

   It inflicts extra damage upon your enemies.
   It affects your strength (+2).
   It insulates you from electricity.
 W - the +10 spear of Beyx {freeze, Str+3}
   (You took it off a necromancer on level 2 of the Swamp)

   It has been specially enchanted to freeze those struck by it, causing extra
   injury to most foes and up to half again as much damage against particularly
   susceptible opponents.
   It can also slow down cold-blooded creatures.
   It affects your strength (+3).
Missiles
 r - 2 javelins
 K - 24 tomahawks of returning (quivered)
 Z - 7 steel tomahawks
Armour
 e - a +2 plate armour of magic resistance (worn)
 m - a +2 plate armour of cold resistance
 q - a +1 pair of gloves of strength (worn)
 x - a +1 cloak of cold resistance (worn)
 I - a +0 shield of fire resistance
 L - a +2 hat (worn)
 T - a +0 pair of boots (worn)
 V - a +2 shield of reflection (worn)
Jewellery
 c - a +3 ring of protection (left hand)
 k - a +2 amulet of reflection (around neck)
 C - the ring "Jorgh" (right hand) {rElec rC- Str+5 Int+4 Dex+4}
   (You took it off an ironheart preserver on level 2 of the Vaults)

   [ring of strength]

   It affects your strength (+5).
   It affects your intelligence (+4).
   It affects your dexterity (+4).
   It makes you vulnerable to cold.
   It insulates you from electricity.
 P - an uncursed ring of resist corrosion
Wands
 d - a wand of iceblast (12)
 v - a wand of acid (3)
 F - a wand of flame (51)
 G - a wand of iceblast (7)
 M - a wand of scattershot (5)
 Q - a wand of digging (16)
 R - a wand of disintegration (15)
Scrolls
 g - 2 scrolls of immolation
 i - 11 scrolls of teleportation
 j - 2 scrolls of enchant armour
 l - 14 scrolls of remove curse
 n - 4 scrolls of fog
 p - 3 scrolls of blinking
 s - 2 scrolls of removedness
 w - 8 scrolls of identify
 y - 7 scrolls of magic mapping
 z - 3 scrolls of holy word
 S - a scroll of summoning
Potions
 u - a potion of curing
 A - 3 potions of ambrosia
 D - 2 potions of might
 U - 2 potions of berserk rage
 Y - a potion of resistance
Miscellaneous
 o - a lightning rod (4/4)
 H - a phantom mirror
 O - 3 sacks of spiders
 X - a fan of gales
Comestibles
 b - 11 royal jellies
 f - 21 bread rations
 t - 15 meat rations


   Skills:
 + Level 17.0 Fighting
 + Level 19.0 Axes
 + Level 6.0 Throwing
 * Level 13.9 Armour
 + Level 7.7 Dodging
 + Level 19.3 Shields
 + Level 13.7 Invocations
 + Level 12.3 Evocations


You had 21 spell levels left.
You didn't know any spells.

Dungeon Overview and Level Annotations

Branches:
Dungeon (15/15)            Temple (0/1) D:4            Lair (6/6) D:11
  Swamp (4/4) Lair:4        Snake (4/4) Lair:2        Slime (0/5) Lair:5
    Orc (2/2) D:10            Elf (0/3) Orc:2        Vaults (5/5) D:14
  Crypt (0/3) Vaults:3     Depths (0/5) D:15

Altars:
Cheibriados
Fedhas
Kikubaaqudgha
Nemelex Xobeh
Okawaru
Qazlal
Ru
Sif Muna
Uskayaw
Wu Jian
Xom
Yredelemnul
Zin
The Shining One
Beogh

Shops:
D:5 }   D:6 *   Orc:1 %   Orc:2 [(?[   Snake:2 *   Snake:3 *(:   Vaults:1 [
Vaults:2 :

Annotations:
Vaults:2 1 exclusion
Vaults:5 Bai Suzhen


Innate Abilities, Weirdness & Mutations

You are resistant to torment.
Your stone body is resilient. (AC +16)
You are immune to poison.
Your large and strong wings let you fly indefinitely.
You resist negative energy. (rN+)
You are resistant to electric shocks. (rElec)
You can survive without breathing.
You are immune to petrification.
You are immune to rotting.


Message History

You hear a clap of thunder!
The ogre mage misses you.
You slash Bai Suzhen! You burn Bai Suzhen!
Bai Suzhen is almost dead.
You slash the vault guard! You burn the vault guard. You hit the ogre mage.
You burn the ogre mage.
You kill the ogre mage!
The Shining One accepts your kill.
You hear a splash. x3
Your Fighting skill increases to level 17!
You are standing in a thunderstorm.
You are struck by lightning!
You resist.
* * * LOW HITPOINT WARNING * * *
You hear a shout!
You hear an angry hiss.
You hear a shout!
You block the vault guard's attack. Bai Suzhen breathes water at you.
The torrent of water hits you!
* * * LOW HITPOINT WARNING * * *
You are knocked back by the torrent of water.
You collide with the vault guard!
You die...

#..#....
#..#...
#..#..# .
#..#..# ...
#.)#..###..#.
#..#).dDes...
#)(§§§C......
#.)HD########
#...≈@)§.....
#...≈.p.p..§.
#..........p.
#............
#....########
#..... #..#..
#..#.


You could see Bai Suzhen, a sphinx, 2 vault guards and a hell knight.

Vanquished Creatures
  the Lernaean hydra (Swamp:4)
  Nikola (Vaults:2)
  2 liches
  An Ice Fiend (IceCv)
  A titan (Vaults:5)
  A tentacled starspawn (Abyss:2)
  A thorn hunter (Swamp:3)
  A shadow dragon (Vaults:5)
  Donald (Swamp:2)
  7 nagarajas
  A tengu reaver (Vaults:3)
  3 fire giants
  A deep elf sorcerer (Vaults:3)
  13 vault wardens
  A frost giant (Vaults:3)
  An orc warlord (Orc:2)
  15 ironheart preservers
  A curse skull (Vaults:3)
  Aizul (Snake:3)
  9 stone giants
  A war gargoyle (Vaults:5)
  4 very ugly things
  A spark wasp (shapeshifter) (Vaults:2)
  Snorg (D:11)
  An eidolon (Vaults:3)
  3 deep elf death magi
  2 ettins
  3 fire dragons
  9 yaktaur captains
  The ghost of Vlans the Fighter, a journeyman DrWz of Sif Muna (Lair:1)
  3 great orbs of eyes
  11 vault guards
  2 rakshasas
  An ice dragon (D:15)
  17 hydras
  20 naga warriors
  A catoblepas (Lair:6)
  A ghost crab (Swamp:4)
  8 centaur warriors
  10 anacondas
  11 alligators
  14 ogre magi
  41 two-headed ogres
  2 dancing weapons (D:6)
  5 deep troll shamans
  A deep troll earth mage (Vaults:3)
  2 tengu warriors
  5 death yaks (Lair:6)
  15 naga sharpshooters
  2 thrashing horrors (Abyss:2)
  8 shock serpents
  An orc high priest (Orc:1)
  2 deep elf knights
  8 spriggans
  2 wretched stars (Abyss:2)
  4 salamander mystics
  14 deep trolls
  10 skeletal warriors
  10 swamp dragons
  2 shambling mangroves
  A death drake (Swamp:2)
  4 unseen horrors
  3 flayed ghosts
  3 spriggan druids
  3 spectral hydras (Swamp:2)
  4 wizards
  2 glowing orange brains
  A shadow demon (Abyss:2)
  5 naga ritualists
  20 ironbrand convokers
  5 deep elf archers
  3 phantasmal warriors
  16 orc knights
  A lindwurm (Lair:6)
  36 ugly things
  A sphinx zombie (Vaults:4)
  9 mana vipers
  4 necromancers
  A mana viper (shapeshifter) (Vaults:5)
  5 oklob plants (Lair:5)
  A manticore (D:14)
  12 deep elf magi
  A worldbinder (Abyss:2)
  A wolf spider (Vaults:2)
  18 elephants
  5 orc sorcerers (Orc:2)
  An ice statue (IceCv)
  9 cyclopes
  9 salamanders
  33 black mambas
  6 guardian serpents
  Joseph (D:8)
  2 human skeletons
  22 naga magi
  14 vault sentinels
  2 smoke demons (Abyss:2)
  A gargoyle (D:12)
  A rime drake (Lair:2)
  2 yaktaur zombies
  23 spiny frogs
  42 yaktaurs
  4 centaur skeletons
  6 komodo dragons
  9 freezing wraiths
  4 ice devils (IceCv)
  An anaconda simulacrum (IceCv)
  A hellwing (Abyss:2)
  A harpy zombie (D:13)
  3 tengu conjurers
  An ancient zyme (Abyss:2)
  6 swamp worm zombies (Swamp:2)
  10 trolls
  2 tyrant leeches
  A yaktaur skeleton (Vaults:4)
  6 large abominations
  3 golden dragon simulacra (IceCv)
  11 hornets
  2 queen bees (shapeshifter) (Vaults:2)
  A polar bear (Lair:6)
  68 slime creatures
  A tengu simulacrum (Vaults:3)
  An alligator zombie (Swamp:2)
  7 dream sheep (Lair:6)
  A stone giant simulacrum (Vaults:1)
  9 blink frogs
  23 bog bodies
  A frost giant simulacrum (Vaults:2)
  11 hippogriffs
  3 spectral swamp dragons (Swamp:2)
  4 shadows
  A spriggan (shapeshifter) (D:15)
  Sigmund (D:2)
  3 wraiths
  3 dire elephant simulacra (IceCv)
  9 wyverns
  A steam dragon (D:12)
  3 basilisks
  31 yaks
  A fire elemental (Lair:3)
  2 chaos spawn (Abyss:2)
  4 hungry ghosts
  16 insubstantial wisps
  12 vampire mosquitoes
  2 death yak simulacra (IceCv)
  17 swamp worms
  A harpy simulacrum (IceCv)
  An iron troll simulacrum (IceCv)
  10 wargs
  68 nagas
  2 hydra simulacra (IceCv)
  A soldier ant (D:14)
  6 spiny frog zombies (Swamp:2)
  A water moccasin (shapeshifter) (Vaults:5)
  3 porcupines
  2 acid dragons
  6 water moccasins
  An ogre skeleton (Vaults:1)
  An acid dragon (shapeshifter) (D:14)
  A phantom (D:5)
  10 swamp drakes
  4 ettin simulacra (IceCv)
  An ice beast (D:14)
  4 sky beasts
  3 human zombies
  71 orc warriors
  A hornet zombie (D:12)
  2 necrophages
  12 wolves
  16 centaurs
  2 eyes of draining
  5 boggarts
  6 small abominations (Abyss:2)
  42 ogres
  An elf skeleton (Vaults:3)
  11 crocodiles
  The ghost of ChemicalHorse the Sneak, an amateur OpEn (D:3)
  7 big kobolds
  An ogre simulacrum (Vaults:1)
  18 bullfrogs
  A water moccasin zombie (D:6)
  2 wyvern skeletons (D:14)
  A spriggan zombie (Swamp:2)
  4 troll zombies (Swamp:2)
  16 killer bees
  13 wights
  2 electric eels
  3 howler monkeys
  11 crimson imps
  8 lava snakes
  A bullfrog zombie (D:6)
  4 centaur zombies
  12 hounds
  A draconian simulacrum (IceCv)
  An iron imp (Abyss:2)
  10 jellies
  A bullfrog skeleton (D:4)
  31 orc priests
  3 iguanas
  37 orc wizards
  Terence (D:3)
  Jessica (D:3)
  7 worker ants
  Natasha (thrice) (D:3 D:4)
  2 polar bear simulacra (IceCv)
  A spriggan simulacrum (IceCv)
  3 troll simulacra (IceCv)
  A wolf simulacrum (IceCv)
  4 centaur simulacra (IceCv)
  3 hound skeletons
  A worker ant zombie (D:5)
  11 gnolls
  7 adders
  A howler monkey skeleton (D:10)
  2 naga simulacra (IceCv)
  3 shadow imps
  12 white imps
  7 ufetubi (IceCv)
  An ooze (D:1)
  An adder skeleton (D:5)
  An adder zombie (D:9)
  3 worms
  A dart slug (D:2)
  7 leopard geckos
  143 orcs
  14 bats
  2 giant cockroaches
  10 goblins
  11 hobgoblins
  13 jackals
  5 quokkas
  2 ball pythons
  A frilled lizard (D:1)
  30 kobolds
  A leopard gecko zombie (D:7)
  8 rats
  A crawling corpse (Vaults:2)
  23 fungi
  13 plants
  A starspawn tentacle (Abyss:2)
  A withered plant (Swamp:2)
1809 creatures vanquished.

Vanquished Creatures (collateral kills)
  Saint Roka (Vaults:2)
  A vault warden (Vaults:3)
  2 ironheart preservers (Vaults:3)
  A deep elf demonologist (Vaults:3)
  A death knight (Vaults:3)
  A two-headed ogre (Vaults:3)
  An ogre mage (Vaults:3)
  2 deep troll shamans (Vaults:1)
  A freezing wraith (Vaults:3)
  A slime creature (Vaults:2)
  An ice beast (D:9)
  4 ogres (Vaults:3)
  2 orcs
19 creatures vanquished.

Vanquished Creatures (others)
  A nagaraja (Snake:3)
  Nessos (Lair:6)
  A yaktaur captain (Vaults:5)
  An ice dragon (Vaults:2)
  2 naga sharpshooters
  A deep elf archer (Vaults:5)
  An ugly thing (Vaults:1)
  A naga mage (Snake:4)
  8 yaktaurs
  3 centaurs
  An ufetubus (IceCv)
  3 orcs
  7 kobolds (Bailey)
  A bush (Swamp:4)
  2 fire vortices
  8 fungi
  A lurking horror (Abyss:2)
  4 plants
  A starspawn tentacle (Abyss:2)
48 creatures vanquished.

Grand Total: 1876 creatures vanquished

Notes
Turn   | Place    | Note
-------+----------+-------------------------------------------
     0 | D:1      | Dorkslayer the Gargoyle Fighter began the quest for the Orb.
     0 | D:1      | Reached XP level 1. HP: 14/14 MP: 1/1
   161 | D:1      | Reached XP level 2. HP: 19/19 MP: 2/2
   488 | D:1      | Reached XP level 3. HP: 4/23 MP: 3/3
   984 | D:1      | Reached skill level 1 in Throwing
  1073 | D:2      | Noticed Sigmund
  1084 | D:2      | Killed Sigmund
  1084 | D:2      | Reached skill level 1 in Dodging
  1084 | D:2      | Reached XP level 4. HP: 9/29 MP: 4/4
  1084 | D:2      | Reached XP level 5. HP: 10/33 MP: 5/5
  1264 | D:2      | Found a glowing golden altar of the Shining One.
  1296 | D:2      | Became a worshipper of the Shining One
  1323 | D:2      | Found a blossoming altar of Fedhas.
  1455 | D:2      | Reached XP level 6. HP: 38/38 MP: 6/6
  1915 | D:3      | Found a stormy altar of Qazlal.
  1919 | D:3      | Noticed Natasha
  1928 | D:3      | Killed Natasha
  1975 | D:3      | Found a sparkling altar of Nemelex Xobeh.
  2020 | D:3      | Noticed Terence
  2026 | D:3      | Killed Terence
  2108 | D:3      | Noticed ChemicalHorse's ghost (amateur OpEn)
  2120 | D:3      | Killed ChemicalHorse's ghost
  2372 | D:3      | Noticed Jessica
  2381 | D:3      | Killed Jessica
  2381 | D:3      | Reached skill level 1 in Evocations
  2483 | D:3      | Reached XP level 7. HP: 39/42 MP: 7/7
  2837 | D:4      | Reached * piety under the Shining One
  3819 | D:4      | Found an iron altar of Okawaru.
  3838 | D:4      | Found a staircase to the Ecumenical Temple.
  4115 | D:4      | Noticed Natasha
  4122 | D:4      | Killed Natasha
  4326 | D:4      | Noticed Natasha
  4333 | D:4      | Killed Natasha
  4367 | D:5      | Entered Level 5 of the Dungeon
  4373 | D:5      | Reached XP level 8. HP: 48/48 MP: 9/9
  4377 | D:5      | Reached skill level 1 in Invocations
  4395 | D:5      | Reached skill level 5 in Shields
  4533 | D:5      | Found a basalt altar of Yredelemnul.
  4666 | D:5      | You fall through a shaft for 2 floors!
  4677 | D:7      | Reached skill level 5 in Axes
  4683 | D:6      | Found a hide-covered altar of Uskayaw.
  4683 | D:6      | Noticed an enchanted hand axe
  4683 | D:6      | Noticed a hand axe
  4733 | D:5      | Found Sykuoshi's Quality Used Wands.
  4768 | D:5      | Reached ** piety under the Shining One
  4863 | D:5      | Bought a wand of iceblast (0/15) for 44 gold pieces
  4917 | D:6      | Found an ornate altar of the Wu Jian Council.
  4927 | D:6      | Reached XP level 9. HP: 48/52 MP: 11/11
  5076 | D:6      | Found a shimmering altar of Xom.
  5212 | D:6      | Found Vozxeru's Assorted Antiques.
  5230 | D:6      | Bought a glowing amethyst potion for 27 gold pieces
  5230 | D:6      | Bought an onyx ring for 150 gold pieces
  5230 | D:6      | Bought a lumpy green potion for 27 gold pieces
  5230 | D:6      | Bought a scroll labeled EKEGIM BITONOL for 30 gold pieces
  5230 | D:6      | Bought 2 emerald potions for 54 gold pieces
  5277 | D:6      | Reached skill level 5 in Armour
  5343 | D:6      | Killed an enchanted hand axe
  5343 | D:6      | Reached skill level 5 in Fighting
  5349 | D:6      | Killed a hand axe
  5349 | D:6      | Reached XP level 10. HP: 41/59 MP: 11/13
  5459 | D:6      | Found a snail-covered altar of Cheibriados.
  5774 | D:7      | Found a sacrificial altar of Ru.
  5916 | D:7      | Reached skill level 5 in Invocations
  6058 | D:7      | Found a deep blue altar of Sif Muna.
  6299 | D:8      | Noticed Joseph
  6310 | D:8      | Noticed a two-headed ogre
  6310 | D:8      | Reached *** piety under the Shining One
  6314 | D:8      | Killed Joseph
  6316 | D:8      | Killed a two-headed ogre
  6316 | D:8      | Reached skill level 5 in Evocations
  6935 | D:9      | Found a flagged portal.
  6942 | Bailey   | Entered a bailey
  7077 | Bailey   | Reached skill level 5 in Dodging
  7095 | Bailey   | Found an iron altar of Okawaru.
  7258 | D:9      | Found an ancient bone altar of Kikubaaqudgha.
  7288 | D:9      | Noticed an unseen horror
  7293 | D:9      | Noticed a two-headed ogre
  7303 | D:9      | Killed a two-headed ogre
  7303 | D:9      | Reached XP level 11. HP: 26/64 MP: 15/15
  7304 | D:9      | Killed an unseen horror
  7308 | D:9      | Noticed a cyan ugly thing
  7330 | D:9      | Killed a cyan ugly thing
  7465 | D:9      | Found a glowing silver altar of Zin.
  7874 | D:10     | Entered Level 10 of the Dungeon
  8162 | D:10     | Reached **** piety under the Shining One
  8372 | D:10     | Noticed a deep elf mage
  8383 | D:10     | Killed a deep elf mage
  8494 | D:10     | Reached XP level 12. HP: 72/72 MP: 17/17
  8495 | D:10     | Reached XP level 13. HP: 78/78 MP: 19/19
  8887 | D:10     | Found a staircase to the Orcish Mines.
  8957 | Orc:1    | Entered Level 1 of the Orcish Mines
  9235 | Orc:1    | Reached skill level 10 in Axes
  9783 | D:6      | Bought a scroll of identify for 60 gold pieces
  9783 | D:6      | Bought a spiked chain mail for 285 gold pieces
  9793 | D:6      | Identified the +5 chain mail "Qesiorghucyr" {rElec rPois rF-} (You bought it in a shop on level 6 of the Dungeon)
  9987 | Orc:2    | Entered Level 2 of the Orcish Mines
  9987 | Orc:2    | Noticed a stone giant
 10002 | Orc:2    | Killed a stone giant
 10599 | Orc:1    | Gained mutation: Your large and strong wings let you fly indefinitely. [Gargoyle growth]
 10599 | Orc:1    | Reached XP level 14. HP: 83/84 MP: 20/20
 10710 | Orc:2    | Found a roughly hewn altar of Beogh.
 10872 | Orc:2    | Reached skill level 10 in Shields
 11278 | D:11     | Noticed Snorg
 11289 | D:11     | Killed Snorg
 11301 | D:11     | Found a staircase to the Lair.
 11435 | D:11     | Reached ***** piety under the Shining One
 13442 | D:14     | Found a gate to the Vaults.
 14015 | D:14     | Reached XP level 15. HP: 54/90 MP: 22/22
 14903 | Orc:2    | Reached ****** piety under the Shining One
 15123 | Orc:2    | Found a roughly hewn altar of Beogh.
 15125 | Orc:2    | Found a staircase to the Elven Halls.
 15137 | Orc:2    | Identified a +9 war axe of holy wrath (a +7 war axe blessed by the Shining One)
 15137 | Orc:2    | Received a gift from the Shining One
 15193 | Orc:2    | Reached skill level 10 in Invocations
 15291 | Orc:2    | Noticed an orc warlord
 15325 | Orc:2    | Killed an orc warlord
 15401 | Orc:2    | Found Joer's Antique Armour Shoppe.
 15402 | Orc:2    | Found a roughly hewn altar of Beogh.
 15409 | Orc:2    | Found Luibecw's Antique Weapon Emporium.
 15507 | Orc:2    | Found a roughly hewn altar of Beogh.
 15508 | Orc:2    | Found Nizer's Antique Armour Shoppe.
 15594 | Orc:2    | Bought a pair of embroidered gloves for 217 gold pieces
 15702 | Orc:2    | Found a roughly hewn altar of Beogh.
 15713 | Orc:2    | Found Buufu's Magic Scroll Shoppe.
 15736 | Orc:2    | Bought a scroll of identify for 26 gold pieces
 15736 | Orc:2    | Bought a scroll of identify for 26 gold pieces
 15736 | Orc:2    | Bought a scroll of identify for 26 gold pieces
 15736 | Orc:2    | Bought a scroll of identify for 26 gold pieces
 15736 | Orc:2    | Bought a scroll of remove curse for 39 gold pieces
 15736 | Orc:2    | Bought a scroll of recharging for 123 gold pieces
 15879 | Orc:2    | Found a roughly hewn altar of Beogh.
 15884 | Orc:2    | Found a roughly hewn altar of Beogh.
 15926 | Orc:2    | Found a roughly hewn altar of Beogh.
 16352 | Orc:1    | Found Nasodo's Food Boutique.
 16571 | Lair:1   | Entered Level 1 of the Lair of Beasts
 16575 | Lair:1   | Noticed Vlans's ghost (journeyman DrWz)
 16584 | Lair:1   | Killed Vlans's ghost
 16968 | Lair:1   | Got a shimmering flail
 16969 | Lair:1   | Identified the +4 flail of Gixtaabo {crush, rElec Str+2} (You found it on level 1 of the Lair of Beasts)
 17779 | Lair:2   | Found a staircase to the Snake Pit.
 18795 | Lair:4   | Found a staircase to the Swamp.
 19633 | Lair:5   | Reached skill level 10 in Fighting
 20035 | Lair:5   | Found a staircase to the Slime Pits.
 20596 | Lair:6   | Entered Level 6 of the Lair of Beasts
 20680 | Lair:6   | Reached skill level 5 in Throwing
 20687 | Lair:6   | Reached XP level 16. HP: 89/97 MP: 23/23
 20906 | Lair:6   | Noticed Nessos
 20918 | Lair:6   | Killed Nessos
 21867 | Snake:1  | Entered Level 1 of the Snake Pit
 21905 | Snake:1  | Found a frozen archway.
 21927 | IceCv    | Entered an ice cave
 22000 | IceCv    | Got a fine arbalest
 22526 | IceCv    | Reached skill level 15 in Axes
 22828 | IceCv    | Noticed an Ice Fiend
 22838 | IceCv    | Killed an Ice Fiend
 22912 | IceCv    | Identified the cursed +3 arbalest "Evukuf" {elec, rF+ Int+7} (You found it in an ice cave)
 22936 | Snake:1  | Upgraded the game from 0.21-a0-450-gd87a9b2 to 0.21-a0-460-g737a915
 24281 | Snake:2  | Reached XP level 17. HP: 104/104 MP: 24/24
 24573 | Snake:2  | Found Owieniuch's General Store.
 24583 | Snake:2  | Bought 2 scrolls of identify for 72 gold pieces
 25353 | Snake:3  | Found a snail-covered altar of Cheibriados.
 26064 | Snake:3  | Noticed Aizul
 26078 | Snake:3  | Killed Aizul
 26142 | Snake:3  | Found Goaron's Book Boutique.
 26144 | Snake:3  | Found Ypriv's Antique Weapon Shop.
 26146 | Snake:3  | Found Goipetax's General Store.
 26162 | Snake:3  | Bought a scroll of identify for 28 gold pieces
 26162 | Snake:3  | Bought a scroll of identify for 28 gold pieces
 26291 | Snake:3  | Reached skill level 10 in Armour
 26751 | Snake:4  | Entered Level 4 of the Snake Pit
 26942 | Snake:4  | Reached XP level 18. HP: 94/112 MP: 25/25
 27038 | Snake:4  | Upgraded the game from 0.21-a0-460-g737a915 to 0.21-a0-461-g2470eb2
 27430 | Snake:4  | Got a serpentine rune of Zot
 27767 | Snake:4  | Reached skill level 15 in Shields
 28793 | Swamp:1  | Entered Level 1 of the Swamp
 30048 | Swamp:2  | Noticed Donald
 30075 | Swamp:2  | Killed Donald
 30359 | Swamp:2  | Got a faintly glowing spear {freeze}
 30360 | Swamp:2  | Identified the +10 spear of Beyx {freeze, Str+3} (You took it off a necromancer on level 2 of the Swamp)
 30652 | Swamp:2  | Upgraded the game from 0.21-a0-461-g2470eb2 to 0.21-a0-471-gd587bd5
 30759 | Swamp:3  | Reached XP level 19. HP: 69/119 MP: 26/26
 31949 | Swamp:4  | Entered Level 4 of the Swamp
 32149 | Swamp:4  | Noticed the 27-headed Lernaean hydra
 32163 | Swamp:4  | Killed the 18-headed Lernaean hydra
 32177 | Swamp:4  | Got a decaying rune of Zot
 33436 | D:15     | Entered Level 15 of the Dungeon
 33468 | D:15     | Found a staircase to the Depths.
 33646 | D:15     | Reached skill level 10 in Evocations
 33681 | D:15     | Found a glowing golden altar of the Shining One.
 34190 | Vaults:1 | Entered Level 1 of the Vaults
 34419 | Vaults:1 | Paralysed by an ogre mage for 2 turns
 34433 | Vaults:1 | Reached XP level 20. HP: 88/126 MP: 28/28
 34433 | Vaults:1 | Paralysed by an ogre mage for 4 turns
 34932 | Vaults:1 | Found Nafut's Antique Armour Boutique.
 35373 | Vaults:1 | Upgraded the game from 0.21-a0-471-gd587bd5 to 0.21-a0-472-g223bcb9
 36150 | Vaults:1 | Identified Beosesiv's Guide on the Damaging Snowflakes
 36362 | Vaults:2 | Noticed Saint Roka
 36408 | Vaults:2 | Killed Saint Roka
 37080 | Vaults:2 | Identified the cursed +1 hand crossbow "Buahuenly" {penet, Dex+9} (You found it on level 2 of the Vaults)
 37113 | Vaults:2 | Reached XP level 21. HP: 130/133 MP: 30/30
 37131 | Vaults:2 | Reached skill level 15 in Fighting
 37470 | Vaults:2 | Got a scintillating steel ring
 37519 | Vaults:2 | Identified the +2 hand axe of Vocainie {flame, rC+} (You found it on level 2 of the Vaults)
 37520 | Vaults:2 | Identified the ring "Jorgh" {rElec rC- Str+5 Int+4 Dex+4} (You took it off an ironheart preserver on level 2 of the Vaults)
 37538 | Vaults:2 | Upgraded the game from 0.21-a0-472-g223bcb9 to 0.21-a0-480-g5da0f0d
 37719 | Vaults:3 | Cast into level 2 of the Abyss (a deep elf sorcerer)
 37740 | Abyss:2  | Found a corrupted altar of Lugonu.
 37786 | Abyss:2  | Found a shadowy altar of Dithmenos.
 37786 | Abyss:2  | Found an ornate altar of the Wu Jian Council.
 37786 | Abyss:2  | Found a bloodstained altar of Trog.
 37786 | Abyss:2  | Found a white marble altar of Elyvilon.
 37786 | Abyss:2  | Found a shattered altar of Ashenzari.
 37786 | Abyss:2  | Found a hide-covered altar of Uskayaw.
 37786 | Abyss:2  | Found a deep blue altar of Sif Muna.
 37786 | Abyss:2  | Found an ancient bone altar of Kikubaaqudgha.
 37786 | Abyss:2  | Found a shimmering altar of Xom.
 37786 | Abyss:2  | Found a radiant altar of Vehumet.
 37788 | Abyss:2  | Found a snail-covered altar of Cheibriados.
 37790 | Abyss:2  | Found a basalt altar of Yredelemnul.
 37790 | Abyss:2  | Found a hazy altar of Hepliaklqana.
 37790 | Abyss:2  | Found an opulent altar of Gozag.
 37792 | Abyss:2  | Found a burning altar of Makhleb.
 37792 | Abyss:2  | Found a stormy altar of Qazlal.
 37792 | Abyss:2  | Found a sparkling altar of Nemelex Xobeh.
 37792 | Abyss:2  | Found a glowing golden altar of the Shining One.
 37794 | Abyss:2  | Found a glowing silver altar of Zin.
 37794 | Abyss:2  | Found a glowing golden altar of the Shining One.
 37794 | Abyss:2  | Found an iron altar of Okawaru.
 38015 | Abyss:2  | HP: 3/134 [hellephant/blast of flame (66)]
 38019 | Abyss:2  | The Shining One protects you from harm!
 38075 | Vaults:3 | Escaped the Abyss
 38086 | Vaults:3 | The Shining One protects you from harm!
 38460 | Vaults:3 | You are sucked into a shaft!
 38507 | Vaults:4 | Paralysed by a great orb of eyes for 5 turns
 39239 | Vaults:3 | Found a staircase to the Crypt.
 39244 | Vaults:3 | Reached XP level 22. HP: 119/141 MP: 32/32
 40566 | Vaults:2 | Noticed Nikola
 40581 | Vaults:2 | Killed Nikola
 40655 | Vaults:2 | Found Enwet's Book Boutique.
 42512 | Vaults:5 | Entered Level 5 of the Vaults
 42626 | Vaults:5 | Noticed Bai Suzhen
 42661 | Vaults:5 | HP: 5/144 [Bai Suzhen/torrent of water (30)]
 42661 | Vaults:5 | Collided with a vault guard

Vault maps used:
D:1:      dpeg_chamrin_arrival_tetris
D:2:      old_standard_altar, lemuel_doored_altar, uniq_sigmund
D:3:      cheibrodos_thug_alley, lemuel_coloured_pillars_altar,
          grunt_qazlal_sundering, minivault_4, uniq_terence, uniq_natasha,
          uniq_jessica
D:4:      minmay_temple_entry_steel_oval, first_bread, minivault_26,
          minmay_misc_feat_nine_boxes, okawaru_ov_weapons_minmay
D:5:      nicolae_overflow_crystal_walls, nicolae_for_you_no_charge
D:6:      dancing_weapons_uskayaw, lemuel_crystal_altar, lemuel_crystal_altar,
          kennysheep_mini_moat, serial_shops, nicolae_shop_window_shopping
D:7:      tgw_sif, hangedman_ru_absence
D:8:      uniq_joseph
D:9:      marbit_many_paths, zin_statuary, serial_glass, glass_columns_c,
          glass_columns_b, glass_columns_a, glass_columns_a, glass_columns_a,
          glass_columns_b, glass_columns_a, glass_columns_a, glass_columns_a,
          glass_columns_b, glass_columns_a, glass_columns_c, glass_columns_b,
          glass_columns_a, enter_bailey_2
D:10:     erik_orc_1, hangedman_stone_soup
D:11:     lair_entry_dummy, uniq_snorg
D:12:     serial_bayou_pond_c, kennysheep_opposing_triangles
D:14:     hangedman_vaults_entry_quadrant_bands, nicolae_two_hexagons,
          nrook_guardian_serpent_double
D:15:     grunt_enter_depths_hoard, nicolae_tso_swordbearing_angel
Lair:1:   grunt_megastairs_1
Lair:2:   guppyfry_snake_entry_island, lemuel_fruit_tree, grunt_megastairs_2,
          serial_bayou_shore_b
Lair:4:   swamp_mist, minivault_24, serial_bayou_shore_a
Lair:5:   minmay_slime_entry_oklob_open
Lair:6:   grunt_lair_end_beastmaster, uniq_nessos
Swamp:1:  serial_swamp_ruin, evilmike_swamp_ruin_wall,
          evilmike_swamp_ruin_house_4, evilmike_swamp_ruin_rubble_1
Swamp:2:  cheibrodos_swamp_mausoleum, evilmike_swamp_ruin_house_5, uniq_donald
Swamp:3:  evilmike_swamp_ruin_rubble_2, hangedman_swamp_muck
Swamp:4:  grunt_swamp_rune_castle
Snake:1:  special_room, portal_ice_cave_entry_pillars_1
Snake:2:  serial_shops, nicolae_shop_stone
Snake:3:  basic_altar, minmay_shop_star, uniq_aizul
Snake:4:  minmay_snake_end_coiled
Orc:1:    serial_shops, nicolae_shop_trees
Orc:2:    grunt_orc_community_town_hall, grunt_orc_community_big_house_1,
          grunt_orc_community_big_house_2, grunt_orc_community_house_1,
          grunt_orc_community_house_1, grunt_orc_community_house_2,
          grunt_orc_community_house_2, grunt_orc_community_house_1
Vaults:1: nicolae_vaults_shelves_hall, v_misc_2, ontoclasm_vaults_spin,
          hangedman_vaults_stretched_pinwheel, nicolae_vaults_alarming,
          grunt_vaults_funnel, v_misc_11, v_pattern_4,
          nicolae_vaults_little_squares_4, serial_shops, shop
Vaults:2: v_rooms_1, hangedman_vaults_trim, nicolae_vaults_circle_grid_b,
          hangedman_vaults_nodes, v_misc_4, v_pattern_2, serial_ice_m,
          ontoclasm_vaults_gateway, grunt_vaults_hallway_short,
          vaults_dpeg_hooks, nicolae_vaults_little_ls, vaults_standard_mumra_x,
          hangedman_vaults_impose, vaults_room_hangedman_quadrants,
          serial_shops, nicolae_shop_waterfront, uniq_saint_roka, uniq_nikola
Vaults:3: minmay_crypt_entry_simple_sparse, v_alt_pattern_1, st_more_cells,
          v_misc_17, serial_ice_h, hangedman_vaults_cutoff,
          hangedman_vaults_snaps, nicolae_vaults_ring_of_whatevers,
          nicolae_vaults_little_squares_2, nicolae_vaults_asterisk, v_rooms_2,
          hangedman_vaults_stagger, ontoclasm_vaults_pinch
Vaults:4: nicolae_vaults_little_squares_1, hangedman_vaults_stitches,
          nicolae_vaults_circle_grid_b, hangedman_vaults_nails,
          vaults_dpeg_diagonal, grunt_vaults_swirl, nicolae_vaults_murderbox,
          nicolae_vaults_border_crossing, vaults_room_door_hall
Vaults:5: serial_shops, uniq_margery, uniq_bai_suzhen
Abyss:2:  hangedman_abyss_feature_spike, hangedman_abyss_or_decor_stabs
Bailey:   bailey_axe_3, bailey
IceCv:    ice_cave_caverns_02

Skill      XL: |  1  2  3  4  5  6  7  8  9 10 11 12 13 14 15 16 17 18 19 20 21 22 |
---------------+-------------------------------------------------------------------+-----
Axes           | 2 3 4 5 7 8 9 10 12 14 15 16 17 18 19 | 19.0
Throwing       | 1 2 3 4 5 6 |  6.0
Armour         | 4 5 6 7 8 9 10 11 12 13 | 13.9
Dodging        | 1 2 3 4 5 6 7 |  7.7
Shields        | 4 5 6 7 8 9 10 11 12 14 16 17 18 19 | 19.3
Evocations     | 1 2 3 4 5 6 7 8 9 10 11 12 | 12.3
Fighting       | 4 5 7 8 9 10 11 12 13 14 15 17 | 17.0
Invocations    | 2 4 6 7 8 9 10 11 12 13 | 13.7

Action                   |  1- 3 |  4- 6 |  7- 9 | 10-12 | 13-15 | 16-18 | 19-21 | 22-24 || total
-------------------------+-------+-------+-------+-------+-------+-------+-------+-------++-------
Melee: War axe           |   122 |   150 |   214 |   362 |  1323 |  1510 |  1495 |   462 ||  5638
Throw: Tomahawk          |       |     5 |       |    11 |   111 |    57 |    19 |       ||   203
Invok: Divine Shield     |       |       |       |       |     2 |     4 |     5 |     2 ||    13
       Cleansing Flame   |       |       |       |       |     1 |       |     1 |     4 ||     6
       Brand Weapon With |       |       |       |       |     1 |       |       |       ||     1
       Summon Divine War |       |       |       |       |       |       |     2 |       ||     2
 Abil: Fly               |       |       |       |       |     1 |       |       |       ||     1
Evoke: Wand              |       |       |     4 |     1 |    12 |    13 |    10 |       ||    40
       Sack of spiders   |       |       |       |     2 |     1 |       |     7 |       ||    10
       Lightning rod     |       |       |       |       |       |    14 |    16 |     4 ||    34
       Fan of gales      |       |       |       |       |       |       |     1 |       ||     1
  Use: Potion            |     1 |       |       |     5 |    10 |    11 |    12 |     9 ||    48
       Scroll            |       |     5 |    11 |     9 |    22 |    13 |     8 |     5 ||    73
  Eat: Chunk             |     1 |     5 |     6 |    10 |    30 |     6 |    14 |     2 ||    74
       Fruit             |       |       |     4 |       |    23 |    10 |     4 |    11 ||    52
       Royal jelly       |       |       |       |       |       |     9 |     3 |       ||    12
       Bread ration      |       |       |       |       |       |       |     1 |       ||     1
Armor: Scale mail        |    79 |    88 |    24 |       |       |       |       |       ||   191
       Chain mail        |       |       |    95 |    91 |       |       |       |       ||   186
       Plate armour      |       |       |       |   152 |   687 |   610 |   643 |   173 ||  2265
Dodge: Dodged            |    59 |    57 |    46 |   110 |   323 |   383 |   421 |   114 ||  1513
Block: Shield            |    80 |   105 |   149 |   327 |   888 |   667 |  1204 |   432 ||  3852
       Reflection        |       |     1 |       |    31 |    34 |   122 |    94 |    37 ||   319
       Large shield      |       |       |       |       |       |   632 |       |       ||   632

Table legend:
 A = Spawn XP
 B = Non-spawn XP
 C = Spawn XP percentage of total XP
 D = Spawn monster count
 E = Non-spawn monster count
 F = Spawn count percentage of total count
 G = Total turns spent on level
                    A         B        C        D         E        F      G
               +---------+---------+-------+---------+---------+-------+---------
         Total |    8350 |  662206 |   1.2 |      16 |    1800 |   0.9 | 42661
               +---------+---------+-------+---------+---------+-------+---------
           D:1 |       0 |      58 |   0.0 |       0 |      21 |   0.0 |  1069
           D:2 |       0 |     276 |   0.0 |       0 |      27 |   0.0 |   912
           D:3 |       0 |     477 |   0.0 |       0 |      37 |   0.0 |  1603
           D:4 |       0 |     342 |   0.0 |       0 |      15 |   0.0 |   783
           D:5 |       0 |     715 |   0.0 |       0 |      23 |   0.0 |   497
           D:6 |       0 |    2769 |   0.0 |       0 |      24 |   0.0 |   932
           D:7 |       0 |    1818 |   0.0 |       0 |      37 |   0.0 |   613
           D:8 |       0 |    2287 |   0.0 |       0 |      15 |   0.0 |   797
           D:9 |       0 |    4351 |   0.0 |       0 |      22 |   0.0 |   745
          D:10 |       0 |    3660 |   0.0 |       0 |      57 |   0.0 |  1776
          D:11 |       0 |    5785 |   0.0 |       0 |      31 |   0.0 |   498
          D:12 |       0 |    8101 |   0.0 |       0 |      63 |   0.0 |  1142
          D:13 |       0 |    1718 |   0.0 |       0 |      14 |   0.0 |   621
          D:14 |       0 |   19414 |   0.0 |       0 |      54 |   0.0 |  1566
          D:15 |       0 |   18811 |   0.0 |       0 |      48 |   0.0 |   726
        Lair:1 |       0 |    6362 |   0.0 |       0 |      18 |   0.0 |   642
        Lair:2 |       0 |    4074 |   0.0 |       0 |      17 |   0.0 |   885
        Lair:3 |       0 |    2325 |   0.0 |       0 |      12 |   0.0 |   618
        Lair:4 |       0 |    5535 |   0.0 |       0 |      23 |   0.0 |   843
        Lair:5 |       0 |    8686 |   0.0 |       0 |      25 |   0.0 |  1352
        Lair:6 |       0 |   19982 |   0.0 |       0 |      57 |   0.0 |  1129
       Swamp:1 |       0 |   10993 |   0.0 |       0 |      34 |   0.0 |   767
       Swamp:2 |       0 |   25450 |   0.0 |       0 |      79 |   0.0 |  1544
       Swamp:3 |       0 |   24349 |   0.0 |       0 |      50 |   0.0 |   937
       Swamp:4 |       0 |   32302 |   0.0 |       0 |      58 |   0.0 |  1126
       Snake:1 |       0 |   18807 |   0.0 |       0 |      35 |   0.0 |  1108
       Snake:2 |       0 |   23586 |   0.0 |       0 |      47 |   0.0 |  1502
       Snake:3 |       0 |   27428 |   0.0 |       0 |      45 |   0.0 |  1563
       Snake:4 |       0 |   49358 |   0.0 |       0 |      89 |   0.0 |  1671
         Orc:1 |       0 |    2974 |   0.0 |       0 |      43 |   0.0 |  1131
         Orc:2 |       0 |   14455 |   0.0 |       0 |     116 |   0.0 |  1827
      Vaults:1 |       0 |   52811 |   0.0 |       0 |     114 |   0.0 |  2185
      Vaults:2 |       0 |   66194 |   0.0 |       0 |     109 |   0.0 |  2198
      Vaults:3 |       0 |   79621 |   0.0 |       0 |     117 |   0.0 |  2259
      Vaults:4 |       0 |   76264 |   0.0 |       0 |     116 |   0.0 |  1324
      Vaults:5 |       0 |   26186 |   0.0 |       0 |      25 |   0.0 |   149
       Abyss:2 |    8350 |    3741 |  69.1 |      16 |       9 |  64.0 |   356
        Bailey |       0 |     449 |   0.0 |       0 |      16 |   0.0 |   257
         IceCv |       0 |    9692 |   0.0 |       0 |      58 |   0.0 |  1008
               +---------+---------+-------+---------+---------+-------+---------
